AoeStats
← DIKICI ZOMMO

Arabia

508394958Analyzed
1v1 RM · 8d ago on Sep 22, 2026· 25m 56s· 2 players
Game mode
Random Map
Map size
Tiny (2 player)
Population
200
Speed
Normal
Resources
Standard
Victory
Conquest
Starting age
Dark Age
Ending age
Imperial Age
RankedLock teamsTeams togetherTeam positionsShared explorationLock speedFull tech treeHidden civsTurbo modeCheats
Victory
Defeat
🇵🇱 Hindustanis · Poland
877
+14
🇹🇷 Franks · Türkiye
836
-14
DIKICI ZOMMO
6:25 Loom
11:39 Feudal Age
12:28 Double-Bit Axe
14:04 Arson
14:09 Arson
18:10 Castle Age
18:12 Forging
22:42 Scale Barding Armor
24:48 Wheelbarrow
25:18 Stone Mining
Mandelbrot
8:56 Loom
10:41 Feudal Age
11:46 Double-Bit Axe
13:34 Horse Collar
18:30 Castle Age
17:40 Forging
18:04 Fletching
19:22 Gold Mining
19:49 Bow Saw
21:07 Pikeman
22:04 Scale Barding Armor
24:35 Husbandry
Connection lost

Rejoining the realm…

Still unreachable

The connection could not be restored.

Session expired

The server has moved on; the page needs a fresh start.